 Dungeon Crawl Stone Soup version 0.24.0-123-gd5b16e6ec5 (webtiles) character file.

Game seed: 9188380240802985408, levelgen mode: deterministic

233 MisterOstroum the Ruffian (level 5, -10/52 HPs)
             Began as a Troll Transmuter on Jan 29, 2020.
             Mangled by an ogre
             ... wielding a +0 giant spiked club
              (21 damage)
             ... on level 4 of the Dungeon.
             The game lasted 00:03:52 (2470 turns).

MisterOstroum the Ruffian (Troll Transmuter)        Turns: 2470, Time: 00:03:53

Health: -10/52     AC:  7    Str: 18    XL:     5   Next: 75%
Magic:  5/5        EV:  7    Int: 15    God:
Gold:   93         SH:  6    Dex: 10    Spells: 4/6 levels left

rFire    . . .     SeeInvis .     - Unarmed
rCold    . . .     Gourm    +   t - +0 shield
rNeg     . . .     Faith    .   b - +0 robe
rPois    .         Spirit   .   (helmet restricted)
rElec    .         Reflect  .   l - +0 cloak
rCorr    .         Harm     .   (gloves unavailable)
MR       .....                  (boots unavailable)
Stlth    +.........             (no amulet)
HPRegen  0.57/turn              s - +5 ring of intelligence
MPRegen  0.09/turn              (no ring)

@: no status effects
A: large, unfitting armour, claws 3, fast metabolism 3, gourmand, regeneration
1, shaggy fur 1, tough skin 3
a: no special abilities


You were on level 4 of the Dungeon.
You were completely stuffed.

You visited 1 branch of the dungeon, and saw 4 of its levels.

You collected 93 gold pieces.

Inventory:

Hand Weapons
 p - a +0 whip of venom
 q - a +0 short sword of draining
Missiles
 a - 12 arrows
 f - 35 bolts
 h - 114 stones (quivered)
 i - 39 sling bullets
 r - 12 poisoned darts
Armour
 b - a +0 robe (worn)
 l - a +0 cloak (worn)
 t - a +0 shield (worn)
 u - a scarf of spirit shield
Jewellery
 s - a +5 ring of intelligence (left claw)
Scrolls
 d - 2 scrolls of identify
 g - a scroll of immolation
 m - a scroll of fear {!r}
 o - a scroll of amnesia
Potions
 c - 2 potions of degeneration
 j - a potion of flight {unknown}
 k - 2 potions of magic
 n - a potion of heal wounds {unknown}
Comestibles
 e - 6 rations


   Skills:
 * Level 2.8 Fighting
 + Level 2.4 Dodging
 + Level 0.0 Shields
 * Level 4.4 Unarmed Combat
 - Level 1.2 Spellcasting
 + Level 2.2 Transmutations


You had 4 spell levels left.
You knew the following spells:

 Your Spells              Type           Power        Failure   Level  Hunger
b - Sticks to Snakes      Tmut           #.......     71%         2    ###....

Your spell library contained the following spells:

 Spells                   Type           Power        Failure   Level  Hunger
 Beastly Appendage        Tmut           #.....       56%         1    ##.....
 Magic Dart               Conj           #...         86%         1    ##.....
 Searing Ray              Conj           #.....       95%         2    ###....
 Spider Form              Tmut/Pois      #.........   97%         3    ####...
 Dazzling Spray           Conj/Hex       #.....       99%         3    ####...
 Force Lance              Conj/Tloc      #.......     100%        4    #####..
 Fulminant Prism          Conj/Hex       #.........   100%        4    #####..
 Ice Form                 Ice/Tmut       #.......     100%        4    #####..
 Iskenderun's Mystic Bla  Conj           #.......     100%        4    #####..
 Blade Hands              Tmut           #.........   100%        5    ######.


Dungeon Overview and Level Annotations

Branches:
Dungeon (4/15)
 Temple: D:4-7

Altars:
Ashenzari
Hepliaklqana
Nemelex Xobeh
Okawaru
Sif Muna


Innate Abilities, Weirdness & Mutations

You are too large for most types of armour.
You have claws for hands.
Your metabolism is lightning-fast.
You like to eat raw meat.
Your natural rate of healing is unusually fast.
You are covered in fur. (AC +1)
You have extremely tough skin. (AC +3)


Message History

Press: ? - help, Shift-Dir - straight line, f/p - goblin
Aim: a goblin, wielding a +0 spear (moderately wounded)
You throw a stone.
The stone hits the goblin but does no damage.
The goblin is moderately wounded.
Throwing (i - inventory. (/) - cycle)
h - 114 stones (quivered)
Press: ? - help, Shift-Dir - straight line, f/p - goblin
Aim: a goblin, wielding a +0 spear (moderately wounded)
You throw a stone. The stone barely misses the goblin.
Throwing (i - inventory. (/) - cycle)
h - 113 stones (quivered)
Press: ? - help, Shift-Dir - straight line, f/p - goblin
Aim: a goblin, wielding a +0 spear (moderately wounded)
You throw a stone. The stone barely misses the goblin.
Throwing (i - inventory. (/) - cycle)
h - 112 stones (quivered)
Press: ? - help, Shift-Dir - straight line, f/p - goblin
Aim: a goblin, wielding a +0 spear (moderately wounded)
Okay, then.
Throwing (i - inventory. (/) - cycle)
h - 112 stones (quivered)
Press: ? - help, Shift-Dir - straight line, f/p - goblin
Aim: a goblin, wielding a +0 spear (moderately wounded)
You throw a stone. The stone misses the goblin.
Throwing (i - inventory. (/) - cycle)
h - 111 stones (quivered)
Press: ? - help, Shift-Dir - straight line, f/p - goblin
Aim: a goblin, wielding a +0 spear (moderately wounded)
You throw a stone. The stone hits the goblin.
You kill the goblin!
Throwing (i - inventory. (/) - cycle)
h - 110 stones (quivered)
Press: ? - help, Shift-Dir - straight line, f - you Really target yourself? [Y]es or [N]o only, please.
Really target yourself? [Y]es or [N]o only, please.
Really target yourself? [Y]es or [N]o only, please.
Really target yourself? [Y]es or [N]o only, please.
Really target yourself? [Y]es or [N]o only, please.
Really target yourself? [Y]es or [N]o only, please.
Really target yourself? [Y]es or [N]o only, please.
Really target yourself? [Y]es or [N]o only, please.
Really target yourself? [Y]es or [N]o only, please.
Really target yourself? [Y]es or [N]o only, please.
Really target yourself? [Y]es or [N]o only, please.
Really target yourself?
Okay, then.
v - a chunk of flesh You see here a rat skeleton.
h - 113 stones (gained 3)
h - 114 stones (gained 1) Eating a chunk of flesh.
You eat the chunk of flesh.
This raw flesh tastes great.
Found a stone staircase leading down.
There is a stone staircase leading down here.
Partly explored, can't reach some items.
Partly explored, can't reach some items.
(D) Dungeon
Where to? (Enter - D:3 @ (x,y), ? - help)
There is a stone staircase leading down here.
You climb downwards.
An ogre comes into view. It is wielding a +0 giant spiked club.
Found a papyrus book.
There is a stone staircase leading up here.
An ogre is nearby!
An ogre is nearby!
The ogre shouts!
You block the ogre's attack.
Found 16 gold pieces.
You scratch the ogre.
The ogre is moderately wounded.
You scratch the ogre.
The ogre is moderately wounded.
The ogre hits you with a +0 giant spiked club!
You claw the ogre!
The ogre is severely wounded.
The ogre barely misses you.
You scratch the ogre but do no damage.
The ogre is severely wounded.
You block the ogre's attack.
You scratch the ogre but do no damage.
The ogre is severely wounded.
You barely miss the ogre.
The ogre is severely wounded.
The ogre hits you with a +0 giant spiked club!
You barely miss the ogre.
The ogre is severely wounded.
The ogre hits you with a +0 giant spiked club!!
Ouch! That really hurt!
* * * LOW HITPOINT WARNING * * *
There is a stone staircase leading up here.
You see here a book of Maledictions.
You open the door.
The ogre hits you with a +0 giant spiked club!!
You die...

# ########
#####$##<.:...#
........#####O#
........+ #@#
........#
#......#
........#
#......#
........#
#......#
........#
#........
........#
#.......##
........#
######..# )..


You could see an ogre.

Vanquished Creatures
  An ogre (D:3)
  5 adders
  4 gnolls
  An ooze (D:3)
  2 worms (D:3)
  A leopard gecko (D:1)
  An orc (D:3)
  4 bats
  7 giant cockroaches
  13 goblins
  4 hobgoblins
  A quokka (D:3)
  A ball python (D:1)
  2 frilled lizards
  2 kobolds (D:3)
  9 rats
58 creatures vanquished.

Vanquished Creatures (others)
  4 toadstools (D:1)
4 creatures vanquished.

Grand Total: 62 creatures vanquished

Notes
Turn   | Place    | Note
-------+----------+-------------------------------------------
     0 | D:1      | MisterOstroum the Troll Transmuter began the quest for the
                  | Orb.
     0 | D:1      | Reached XP level 1. HP: 18/18 MP: 1/1
    17 | D:1      | Reached skill level 1 in Fighting
   166 | D:1      | Reached XP level 2. HP: 23/27 MP: 2/2
   580 | D:2      | Reached XP level 3. HP: 30/33 MP: 3/3
   757 | D:2      | Learned a level 2 spell: Sticks to Snakes
   983 | D:2      | Found a shimmering blue altar of Sif Muna.
  1115 | D:3      | Reached XP level 4. HP: 31/42 MP: 4/4
  1559 | D:3      | Found a sparkling altar of Nemelex Xobeh.
  1737 | D:3      | Reached skill level 4 in Unarmed Combat
  1895 | D:3      | Found a hazy altar of Hepliaklqana.
  1955 | D:3      | Found a shattered altar of Ashenzari.
  1957 | D:3      | Reached XP level 5. HP: 50/50 MP: 5/5
  2126 | D:3      | Noticed an ogre
  2134 | D:3      | Killed an ogre
  2336 | D:3      | Found an iron altar of Okawaru.
  2454 | D:4      | Noticed an ogre
  2470 | D:4      | Mangled by an ogre

Levels and vault maps discovered:
D:1:      ldierk_water_garden, layout_rooms
D:2:      layout_basic, lemuel_blue_sif_altar, chequers_arboretum
D:3:      layout_basic, marbit_many_paths, nemelex_xobeh_ov_fountains_minmay,
          nicolae_overflow_crystal_walls, first_ration,
          kennysheep_okawaru_gauntlet
D:4:      layout_basic, minmay_temple_entry_statues_fountains

Skill      XL: |  1  2  3  4 |
---------------+-------------+-----
Fighting       | 1 2 |  2.8
Dodging        | 2 |  2.4
Unarmed Combat | 4 |  4.4
Transmutations | 2 |  2.2
Spellcasting   | |  1.2

Action                   |  1- 3 |  4- 6 || total
-------------------------+-------+-------++-------
Melee: Unarmed           |    65 |    90 ||   155
Throw: Stone             |       |    17 ||    17
  Use: Scroll            |       |     9 ||     9
 Stab: Sleeping          |       |     1 ||     1
  Eat: Chunk             |    15 |    13 ||    28
Armor: Robe              |    32 |    21 ||    53
Dodge: Dodged            |    28 |    37 ||    65
Block: Shield            |       |     2 ||     2
